 Dungeon Crawl Stone Soup version 0.20.0-15-g7f486f2 (webtiles) character file.

66 Mysteryquy the Twirler (level 3, -7/28 HPs)
             Began as a Demonspawn Gladiator on June 16, 2017.
             Killed by divine providence
             ... invoked by an orc priest
              (17 damage)
             ... on level 3 of the Dungeon.
             The game lasted 00:02:31 (1829 turns).

Mysteryquy the Twirler (Demonspawn Gladiator)       Turns: 1829, Time: 00:02:31

Health: -7/28      AC:  4    Str: 14    XL:     3   Next: 96%
Magic:  3/3        EV: 13    Int:  9    God:
Gold:   51         SH:  0    Dex: 15    Spells: 2/2 levels left

rFire    . . .     SeeInvis .   a - +0 quarterstaff
rCold    . . .     Gourm    .   (shield currently unavailable)
rNeg     . . .     Faith    .   b - +0 leather armour
rPois    .         Spirit   .   c - +0 helmet
rElec    .         Reflect  .   (no cloak)
rCorr    .         Harm     .   (no gloves)
MR       .....                  (no boots)
Stlth    +++.......             (no amulet)
Regen    0.1/turn               (no ring)
MPRegen  0.1/turn               (no ring)

@: no status effects
A: nightstalker 1
a: no special abilities


You were on level 3 of the Dungeon.
You were not hungry.

You visited 1 branch of the dungeon, and saw 3 of its levels.

You collected 51 gold pieces.

Inventory:

Hand Weapons
 a - a +0 quarterstaff (weapon)
Missiles
 d - 3 throwing nets (quivered)
Armour
 b - a +0 leather armour (worn)
 c - a +0 helmet (worn)
Jewellery
 k - an uncursed ring of ice {unknown}
Scrolls
 e - a scroll of blinking {unknown}
 h - a scroll of fog {unknown}
 i - a scroll of immolation {unknown}
 l - a scroll of recharging {unknown}
 m - 3 scrolls of identify {unknown}
 o - 2 scrolls of fear {unknown}
 p - a scroll of remove curse {unknown}
 r - a scroll of magic mapping {unknown}
 u - a scroll of teleportation {unknown}
Potions
 g - a potion of invisibility {unknown}
 j - a potion of degeneration {unknown}
 q - a potion of heal wounds {unknown}
 t - a potion of resistance {unknown}
 v - a potion of brilliance {unknown}
 w - a potion of curing {unknown}
Comestibles
 f - a bread ration
 n - a royal jelly
 s - a meat ration
 x - 2 chunks of flesh


   Skills:
 + Level 2.3 Fighting
 + Level 3.4 Staves
 + Level 1.9 Throwing
 + Level 0.8 Armour
 + Level 3.1 Dodging
 + Level 1.1 Stealth


You had 2 spell levels left.
You didn't know any spells.

Dungeon Overview and Level Annotations

Branches:
Dungeon (3/15)

Altars:
Elyvilon


Innate Abilities, Weirdness & Mutations

You are slightly more attuned to the shadows.


Message History

The orc priest is heavily wounded.
You hit the orc but do no damage.
The orc priest miscasts a cantrip.
You hit the orc but do no damage. The orc barely misses you.
The orc priest mumbles some strange prayers to Beogh against you.
Beogh smites you!
Ouch! That really hurt!
You hear a shout! x2
You sock the orc!
You kill the orc!
You barely miss the orc priest.
The orc priest is heavily wounded.
The orc priest misses you.
An orc comes into view. It is wielding a hand axe.
You closely miss the orc priest.
The orc priest is heavily wounded.
The orc priest mumbles some strange prayers to Beogh against you.
Beogh smites you!
Ouch! That really hurt!
You die...

############
#..........#
###.########.#
#....# #.#
#.#..# #.#
#####.#..###
#.#
...).......>
#.#
#####....##.
#@# #....# #
#o# #####....#
#o#####
.........#
#.o.o.#
#####....#
#####.# #....#
.# #....# o#
#....# .#
#....# o#


You could see 2 orc priests and an orc.

Vanquished Creatures
  2 adders (D:2)
  2 worms
  A dart slug (D:1)
  A leopard gecko (D:2)
  An orc (D:3)
  5 goblins
  4 hobgoblins
  A ball python (D:1)
  8 bats
  5 frilled lizards
  5 kobolds
  6 rats
41 creatures vanquished.

Vanquished Creatures (others)
  A goblin (D:2)
1 creature vanquished.

Grand Total: 42 creatures vanquished

Notes
Turn   | Place    | Note
-------+----------+-------------------------------------------
     0 | D:1      | Mysteryquy the Demonspawn Gladiator began the quest for the Orb.
     0 | D:1      | Reached XP level 1. HP: 16/16 MP: 1/1
   325 | D:1      | Gained mutation: You are slightly more attuned to the shadows. [demonic ancestry]
   325 | D:1      | Reached XP level 2. HP: 22/22 MP: 2/2
   558 | D:2      | Found a white marble altar of Elyvilon.
   703 | D:2      | Reached XP level 3. HP: 15/27 MP: 3/3
  1269 | D:2      | Reached skill level 1 in Stealth
  1829 | D:3      | Killed from afar by an orc priest

Skill      XL: |  1  2  3 |
---------------+----------+-----
Staves         | 3 |  3.4
Dodging        | 3 |  3.1
Stealth        | 1 |  1.1
Fighting       | |  2.3
Throwing       | |  1.9
Armour         | |  0.8

Action                   || total
-------------------------++-------
Melee: Quarterstaff      ||   115
 Stab: Sleeping          ||     5
  Eat: Chunk             ||     3
Armor: Leather armour    ||    28
Dodge: Dodged            ||    80
